 Dungeon Crawl Stone Soup version 0.30-a0-359-gd0147acb1a (webtiles) character file.

Game seed: 10337709946948590185

323 pokeman the Magician (level 6, 0/34 HPs)
             Began as a Deep Elf Hedge Wizard on Nov 11, 2022.
             Slain by a black bear (6 damage)
             ... on level 5 of the Dungeon.
             The game lasted 00:07:59 (4948 turns).

pokeman the Magician (Deep Elf Hedge Wizard)        Turns: 4948, Time: 00:08:00

Health: 0/34       AC:  3    Str:  7    XL:     6   Next: 23%
Magic:  8/17       EV: 12    Int: 21    God:
Gold:   208        SH:  0    Dex: 14    Spells: 2/18 levels left

rFire   . . .      SeeInvis .    k - +0 war axe
rCold   . . .      Faith    .    (no shield)
rNeg    . . .      Spirit   .    y - +0 leather armour
rPois   .          Reflect  .    c - +0 hat
rElec   .          Harm     .    (no cloak)
rCorr   .          Rampage  .    (no gloves)
Will    .....                    (no boots)
Stlth   ++........               (no amulet)
HPRegen 0.25/turn                (no ring)
MPRegen 0.15/turn                (no ring)

@: very slightly contaminated
A: no striking features
a: no special abilities


You were on level 5 of the Dungeon.
You visited 2 branches of the dungeon, and saw 6 of its levels.

You collected 208 gold pieces.

Inventory:

Hand Weapons
 k - a +0 war axe (weapon)
 s - a +2 dagger of holy wrath
Armour
 c - a +0 hat (worn)
 y - a +0 leather armour (worn)
 z - a +0 kite shield
Scrolls
 a - a scroll of noise {unknown}
 b - a scroll of enchant weapon {unknown}
 e - a scroll of acquirement {unknown}
 j - a scroll of silence {unknown}
 l - a scroll of fog {unknown}
 m - 3 scrolls of amnesia {unknown}
 n - 2 scrolls of identify {unknown}
 t - a scroll of magic mapping {unknown}
 u - a scroll of teleportation {unknown}
 w - a scroll of immolation {unknown}
 x - a scroll of poison {unknown}
Potions
 d - 2 potions of magic
 f - 3 potions of attraction {unknown}
 g - 2 potions of degeneration {unknown}
 h - a potion of might {unknown}
 i - a potion of curing {unknown}
 o - a potion of heal wounds {unknown}
 p - a potion of ambrosia {unknown}
 q - 3 potions of flight {unknown}
 r - 2 potions of brilliance {unknown}
 v - 2 potions of invisibility {unknown}


   Skills:
 - Level 1.3 Fighting
 - Level 1.0 Armour
 - Level 3.0 Dodging
 - Level 3.0 Stealth
 + Level 0.0 Shields
 * Level 6.9 Spellcasting
 + Level 3.1 Conjurations
 - Level 1.1 Summonings
 - Level 1.1 Translocations
 + Level 1.2 Air Magic
 - Level 1.1 Poison Magic


You had 2 spell levels left.
You knew the following spells:

 Your Spells              Type           Power      Damage    Failure   Level
a - Magic Dart            Conj           80%        1d7       3%          1
b - Mephitic Cloud        Conj/Pois/Air  15%        N/A       19%         3
c - Call Imp              Summ           11%        N/A       12%         2
d - Blink                 Tloc           22%        N/A       12%         2
e - Shock                 Conj/Air       64%        1d7       5%          1
f - Swiftness             Air            12%        N/A       24%         3
g - Airstrike             Air            6%         2d(1-17)  61%         4

Your spell library contained the following spells:

 Spells                   Type           Power      Damage    Failure   Level
 Slow                     Hex            28%        N/A       13%         1
 Cigotuvi's Dreadful Rot  Necr/Pois/Air  20%        N/A       14%         2
 Summon Guardian Golem    Hex/Summ       9%         N/A       30%         3
 Orb of Destruction       Conj           10%        9d6       100%        7
 Spellforged Servitor     Conj/Summ      8%         N/A       100%        7


Dungeon Overview and Level Annotations

Branches:
Dungeon (5/15)             Temple (1/1) D:4

Altars:
Ashenzari
Cheibriados
Dithmenos
Elyvilon
Fedhas
Gozag
Hepliaklqana
Nemelex Xobeh
Okawaru
Qazlal
Ru
Sif Muna
Trog
Uskayaw
Wu Jian
Xom
The Shining One


Message History

Press: ? - help, Shift-Dir - straight line, f/p - black bear
Aim: a black bear (heavily wounded, 79% to hit)
The zap hits the black bear but does no damage.
The black bear is heavily wounded.
Casting: Shock (safe; 5% risk of failure)
Confirm with . or Enter, or press ? or * to list all spells.
Aiming: Shock (safe; 5% risk of failure)
Press: ? - help, Shift-Dir - straight line, f/p - black bear
Aim: a black bear (heavily wounded, 79% to hit)
The zap hits the black bear.
The black bear is almost dead.
The black bear goes berserk!
Casting: Shock (safe; 5% risk of failure)
Confirm with . or Enter, or press ? or * to list all spells.
Aiming: Shock (safe; 5% risk of failure)
Press: ? - help, Shift-Dir - straight line, f/p - black bear
Aim: a black bear (almost dead, berserk, 79% to hit)
The zap misses the black bear.
The black bear bites you. The black bear barely misses you.
The black bear misses you.
Casting: Shock (safe; 5% risk of failure)
Confirm with . or Enter, or press ? or * to list all spells.
Aiming: Shock (safe; 5% risk of failure)
Press: ? - help, Shift-Dir - straight line, f/p - black bear
Aim: a black bear (almost dead, berserk, 79% to hit)
The zap hits the black bear.
The black bear is almost dead.
The black bear bites you. The black bear claws you. x2
The black bear bites you. The black bear claws you. The black bear misses you.
Casting: Shock (safe; 5% risk of failure)
Confirm with . or Enter, or press ? or * to list all spells.
Aiming: Shock (safe; 5% risk of failure)
Press: ? - help, Shift-Dir - straight line, f/p - black bear
Aim: a black bear (almost dead, berserk, 79% to hit)
The zap hits the black bear.
The black bear is almost dead.
The black bear bites you.
* * * LOW HITPOINT WARNING * * *
The black bear claws you but does no damage.
The black bear claws you.
You die...

. .... .... .....
......
##############$.....
#...[.......@h......
+.............>.....
#..†.......<........
.......................
...........######......
...........+ ......
...........# ......
....######## ......
.... .


You could see a black bear (berserk).

Vanquished Creatures
  3 orc priests (D:4)
  2 hounds
  2 iguanas
  3 adders
  A worm (D:3)
  3 dart slugs
  8 orcs
  6 endoplasms
  4 giant cockroaches
  6 hobgoblins
  4 jackals (D:2)
  7 kobolds
  2 quokkas
  6 ball pythons
  2 bats (D:1)
  A frilled lizard (D:1)
  11 goblins
  3 rats (D:2)
74 creatures vanquished.

Notes
Turn   | Place    | Note
-------+----------+-------------------------------------------
     0 | D:1      | pokeman the Deep Elf Hedge Wizard began the quest for the
                  | Orb.
     0 | D:1      | Reached XP level 1. HP: 10/10 MP: 7/7
   229 | D:1      | Reached XP level 2. HP: 15/15 MP: 1/9
   735 | D:1      | Reached skill level 5 in Spellcasting
  1186 | D:2      | Reached XP level 3. HP: 20/20 MP: 9/11
  1191 | D:2      | Learned a level 3 spell: Mephitic Cloud
  1194 | D:2      | Learned a level 2 spell: Call Imp
  1197 | D:2      | Learned a level 2 spell: Blink
  1199 | D:2      | Learned a level 1 spell: Shock
  1203 | D:2      | Learned a level 3 spell: Swiftness
  1395 | D:2      | Reached skill level 1 in Fighting
  1395 | D:2      | Reached skill level 1 in Armour
  1461 | D:2      | Reached XP level 4. HP: 25/25 MP: 11/13
  3138 | D:3      | Reached skill level 6 in Spellcasting
  3280 | D:3      | Found a stormy altar of Qazlal.
  3556 | D:4      | Reached XP level 5. HP: 19/29 MP: 15/15
  3640 | D:4      | Learned a level 4 spell: Airstrike
  3996 | D:4      | Found a staircase to the Ecumenical Temple.
  4007 | Temple   | Entered the Ecumenical Temple
  4163 | D:4      | Reached skill level 1 in Poison Magic
  4419 | D:4      | Reached skill level 1 in Air Magic
  4419 | D:4      | Reached XP level 6. HP: 29/34 MP: 7/17
  4889 | D:5      | Entered Level 5 of the Dungeon
  4948 | D:5      | Slain by a black bear

Illustrated notes

Levels and vault maps discovered:
D:1:      dpeg_arrival_castle, layout_rooms
D:2:      layout_basic
D:3:      layout_rooms, lemuel_round_altar, serial_co_window_serial,
          co_window_paths_b, co_window_corner_a, co_window_of_opportunity_a,
          co_window_paths_b, co_window_paths_a, co_window_paths_a,
          co_window_corner_a, co_window_corner_a, co_window_paths_a,
          co_window_of_opportunity_c, co_window_broadway_a, co_window_corner_b,
          co_window_cross_2, co_window_paths_c, co_window_cross_2,
          co_window_paths_d, glass_columns_a
D:4:      layout_basic, minmay_temple_entry_ruins
D:5:      layout_gridville, minmay_small_thing
Temple:   lightli_temple_of_artemis

Skill      XL: |  1  2  3  4  5 |
---------------+----------------+-----
Spellcasting   | 5 6 |  6.9
Fighting       | 1 |  1.3
Armour         | 1 |  1.0
Conjurations   | 2 3 |  3.1
Dodging        | 3 |  3.0
Stealth        | 3 |  3.0
Poison Magic   | 1 |  1.1
Air Magic      | 1 |  1.2
Summonings     | |  1.1
Translocations | |  1.1

Action                   |  1- 3 |  4- 6 || total
-------------------------+-------+-------++-------
Melee: Dagger            |     1 |       ||     1
       War axe           |       |    20 ||    20
 Cast: Magic Dart        |    70 |    14 ||    84
       Shock             |    20 |   115 ||   135
       Mephitic Cloud    |       |     4 ||     4
 Stab: Sleeping          |       |     2 ||     2
Armor: Robe              |     1 |     2 ||     3
       Leather armour    |       |     3 ||     3
Dodge: Dodged            |    10 |    33 ||    43

Table legend: (Time is in decaauts)
 A = Elapsed time spent in this place.
 B = Non-inter-level travel time spent in this place.
 C = Inter-level travel time spent in this place.
 D = Time resting spent in this place.
 E = Time spent auto-exploring this place.
 F = Levels seen in this place.
 G = Mean time per level.
                   A        B        C        D        E       F      G
               +--------+--------+--------+--------+--------+-----+--------+
         Total |   4962 |   4840 |    122 |      0 |   4286 |   6 |  827.0 |
       Dungeon |   4832 |   4732 |    100 |      0 |   4205 |   5 |  966.4 |
        Temple |    129 |    107 |     22 |      0 |     81 |   1 |  129.0 |
               +--------+--------+--------+--------+--------+-----+--------+

Top non-repeatable levels by time:
     D:3: 1294 daAuts
     D:4: 1259 daAuts
     D:2: 1141 daAuts
     D:1: 1078 daAuts
  Temple: 129 daAuts
     D:5: 58 daAuts
